 Dungeon Crawl Stone Soup version 0.26.1-11-gd32895ea62 (webtiles) character file.

Game seed: 8874333692096699480

567 H0rd4k the Insei (level 7, 0/44 HPs)
             Began as an Octopode Transmuter on May 10, 2021.
             Killed from afar by an orc wizard (8 damage)
             ... with a magic dart
             ... on level 4 of the Dungeon.
             The game lasted 00:04:52 (5712 turns).

H0rd4k the Insei (Octopode Transmuter)              Turns: 5712, Time: 00:04:53

Health: 0/44       AC:  2    Str:  9    XL:     7   Next: 33%
Magic:  9/11       EV: 21    Int: 18    God:
Gold:   217        SH:  0    Dex: 17    Spells: 8/12 levels left

rFire    . . .     SeeInvis .     - Unarmed
rCold    . . .     Faith    .   (shield currently unavailable)
rNeg     . . .     Spirit   .   (helmet currently unavailable)
rPois    x         Reflect  .   (no amulet)
rElec    .         Harm     .   (no ring)
rCorr    .         Rampage  .   (no ring)
Will     .....                  (no ring)
Stlth    ++........             (no ring)
HPRegen  0.14/turn              (no ring)
MPRegen  0.12/turn              (no ring)
                                (no ring)
                                (no ring)

@: spider-form
A: tiny, almost no armour, stealthy swim, (amphibious), 8 rings, (constrict 8)
a: End Transformation


You were on level 4 of the Dungeon.
You were a venomous arachnid creature.
You visited 1 branch of the dungeon, and saw 4 of its levels.
You also visited: Sewer.

You collected 287 gold pieces.
You spent 70 gold pieces at shops.

Inventory:

Missiles
 l - 6 boomerangs of dispersal
Jewellery
 s - an uncursed ring of see invisible {unknown}
Wands
 n - a wand of enslavement (6)
Scrolls
 b - 3 scrolls of remove curse {unknown}
 c - 4 scrolls of teleportation
 g - 4 scrolls of identify
 h - a scroll of blinking {unknown}
 m - a scroll of fear {unknown}
 p - a scroll of enchant armour {unknown}
 r - a scroll of magic mapping {unknown}
Potions
 a - a potion of curing
 d - 2 potions of haste
 e - 2 potions of lignification
 f - a potion of resistance {unknown}
 i - a potion of might {unknown}
 j - 4 potions of mutation {unknown}
 k - a potion of cancellation {unknown}
 o - 2 potions of invisibility {unknown}
 q - a potion of berserk rage {unknown}
 t - a potion of attraction {unknown}


   Skills:
 + Level 1.9 Fighting
 + Level 3.3 Dodging
 - Level 1.3 Stealth
 + Level 5.8 Unarmed Combat
 * Level 3.1 Spellcasting
 * Level 3.1 Transmutations
 - Level 2.3 Poison Magic


You had 8 spell levels left.
You knew the following spells:

 Your Spells              Type           Power        Failure   Level
a - Beastly Appendage     Tmut           28%          13%         1
b - Spider Form           Tmut/Pois      6%           34%         3

Your spell library contained the following spells:

 Spells                   Type           Power        Failure   Level
 Wereblood                Tmut           14%          19%         2
 Ice Form                 Ice/Tmut       8%           82%         4
 Blade Hands              Tmut           7%           90%         5


Dungeon Overview and Level Annotations

Branches:
Dungeon (4/15)              Sewer (visited)
 Temple: D:4-7

Altars:
Yredelemnul
The Shining One

Shops:
D:4 ?


Innate Abilities, Weirdness & Mutations

You cannot wear most types of armour.
You are very stealthy in the water. (Stealth+)
((You are amphibious.))
You can wear up to eight rings at the same time.
((You can use your tentacles to constrict eight enemies at once.))
((Your skin changes colour to match your surroundings (Stealth+).))
((Your rubbery body absorbs attacks. (AC +1, EV +1)))


Message History

The magic dart hits you!
* * * LOW HITPOINT WARNING * * *
The orc barely misses you. The orc priest closely misses you.
You feel better.
You kill the orc priest!
The orc wizard completely misses you. The orc completely misses you.
You hit the orc wizard.
The orc wizard is poisoned.
The orc wizard is heavily wounded.
The orc wizard barely misses you. The orc closely misses you.
You closely miss the orc wizard.
The orc wizard is severely wounded.
The orc wizard casts a spell at you. The magic dart hits you!
* * * LOW HITPOINT WARNING * * *
The orc hits you from afar with a +0 spear.
* * * LOW HITPOINT WARNING * * *
You feel better. The orc wizard casts a spell at you. The magic dart hits you!
You die...

###'#### #.# ##'####
#...... #...... #......
# #..^... ....##########
#......
..<.'o)s..)..#####......
....####o......##.......
. #.......##.......
#.......##(......
#########
#.......##...####
........#
####.......##...#
........#
...........##...####
........#
...........##.......
........#
.........#######....


You could see an orc wizard (very poisoned) and an orc.

Vanquished Creatures
  A water moccasin (Sewer)
  2 ogres (D:4)
  An orc priest (D:4)
  Natasha (thrice) (D:2)
  A worker ant (D:4)
  4 adders
  2 oozes
  2 adder skeletons (D:4)
  6 worms
  A dart slug (D:1)
  3 leopard geckos
  7 orcs
  10 giant cockroaches
  7 goblins
  8 hobgoblins
  8 jackals
  2 quokkas (D:2)
  A ball python (D:2)
  7 bats
  5 frilled lizards
  6 kobolds
  8 rats
95 creatures vanquished.

Notes
Turn   | Place    | Note
-------+----------+-------------------------------------------
     0 | D:1      | H0rd4k the Octopode Transmuter began the quest for the Orb.
     0 | D:1      | Reached XP level 1. HP: 13/13 MP: 3/3
   176 | D:1      | Reached XP level 2. HP: 18/18 MP: 5/5
   250 | D:1      | Reached skill level 1 in Stealth
   519 | D:1      | Reached XP level 3. HP: 22/23 MP: 6/6
   673 | D:1      | Learned a level 3 spell: Spider Form
  1227 | D:2      | Reached XP level 4. HP: 14/28 MP: 7/7
  1570 | D:2      | Reached skill level 1 in Poison Magic
  1649 | D:2      | Reached skill level 4 in Unarmed Combat
  2044 | D:2      | Noticed Natasha
  2052 | D:2      | Killed Natasha
  2185 | D:2      | Noticed Natasha
  2272 | D:2      | Killed Natasha
  2273 | D:2      | Reached XP level 5. HP: 23/33 MP: 8/8
  2776 | D:2      | Noticed Natasha
  2783 | D:2      | Killed Natasha
  3533 | D:3      | Found a glowing drain.
  3559 | Sewer    | Entered a sewer
  3636 | Sewer    | Noticed a water moccasin
  3647 | Sewer    | Killed a water moccasin
  3648 | Sewer    | Reached XP level 6. HP: 9/38 MP: 8/10
  4060 | D:3      | Reached skill level 5 in Unarmed Combat
  4483 | D:3      | Found a glowing golden altar of the Shining One.
  4485 | D:3      | Noticed an angel
  4497 | D:3      | Found a basalt altar of Yredelemnul.
  4499 | D:3      | Noticed a profane servitor
  5068 | D:4      | Reached XP level 7. HP: 44/44 MP: 8/11
  5215 | D:4      | Found Nolibewig's Magic Scroll Emporium.
  5249 | D:4      | Bought a scroll of identify for 28 gold pieces
  5249 | D:4      | Bought a scroll of teleportation for 42 gold pieces
  5711 | D:4      | HP: 2/44 [orc/+0 spear (5)]
  5712 | D:4      | Killed from afar by an orc wizard

Illustrated notes

Levels and vault maps discovered:
D:1:      minmay_arrival_stone_box, layout_basic
D:2:      layout_loops_corners, minmay_misc_feat_more_columns, uniq_natasha
D:3:      layout_rooms, grunt_temple_overflow_holy_war,
          cheibrodos_sewer_entry_drain
D:4:      layout_basic, serial_shops, nicolae_shop_trees

Skill      XL: |  1  2  3  4  5  6 |
---------------+-------------------+-----
Stealth        | 1 |  1.3
Poison Magic   | 1 2 |  2.3
Unarmed Combat | 4 5 |  5.8
Dodging        | 3 |  3.3
Spellcasting   | 3 |  3.1
Transmutations | 3 |  3.1
Fighting       | |  1.9

Action                   |  1- 3 |  4- 6 |  7- 9 || total
-------------------------+-------+-------+-------++-------
Melee: Unarmed           |    87 |   148 |    17 ||   252
       Constrict         |    27 |    34 |     1 ||    62
       Tentacles         |    16 |    21 |       ||    37
       Punch             |     1 |     3 |       ||     4
 Cast: Spider Form       |       |     1 |     2 ||     3
  Use: Potion            |       |     3 |     2 ||     5
 Stab: Sleeping          |     8 |     8 |     1 ||    17
Armor: Skin              |    11 |     3 |       ||    14
Dodge: Dodged            |    55 |    84 |    16 ||   155
